 Dungeon Crawl Stone Soup version 0.19.5 (webtiles) character file.

144 galech the Skirmisher (level 5, 0/57 HPs)
             Began as an Ogre Fighter on Mar 1, 2017.
             Killed from afar by a kobold (9 damage)
             ... with a wand of flame
             ... on level 4 of the Dungeon.
             The game lasted 00:03:59 (2273 turns).

galech the Skirmisher (Ogre Fighter)                Turns: 2273, Time: 00:03:59

Health: 0/57       AC:  3    Str: 22    XL:     5   Next: 26%
Magic:  5/5        EV:  9    Int:  7    God:
Gold:   166        SH:  8    Dex:  9    Spells: 0 memorised, 4 levels left

rFire  x . .     SeeInvis .     a - +0 flail
rCold  + . .     Gourm    .     b - +0 robe
rNeg   . . .     Faith    .     c - +0 shield
rPois  .         Spirit   .     (helmet restricted)
rElec  .         Reflect  .     (no cloak)
rCorr  .         Harm     .     (gloves unavailable)
MR     .....                    (boots unavailable)
Stlth  ..........               (no amulet)
                                p - ring of loudness (curse)
                                h - ring of ice

@: no status effects
A: unfitting armour, tough skin 1
a: no special abilities


You were on level 4 of the Dungeon.
You were not hungry.

You visited 1 branch of the dungeon, and saw 4 of its levels.

You collected 166 gold pieces.

Inventory:

Hand Weapons
 a - a +0 flail (weapon)
Armour
 b - a +0 robe (worn)
 c - a +0 shield (worn)
Jewellery
 h - a ring of ice (left hand)
 i - a +1 ring of protection {unknown}
 p - a cursed ring of loudness (right hand)
Scrolls
 e - a scroll of fear
 k - a scroll of enchant armour
 l - a scroll of immolation
 n - a scroll of remove curse
 o - a scroll of teleportation
 s - a scroll of fog {unknown}
 t - a scroll of random uselessness {unknown}
 u - a scroll of enchant weapon {unknown}
Potions
 d - a potion of might
 g - a potion of mutation {unknown}
 m - a potion of cancellation {unknown}
 r - 2 potions of lignification {unknown}
Comestibles
 f - 5 bread rations
 j - a meat ration
 q - 6 chunks of flesh


   Skills:
 + Level 5.1 Fighting
 + Level 4.6 Maces & Flails
 + Level 3.3 Dodging
 + Level 0.2 Stealth
 + Level 3.3 Shields


You had 4 spell levels left.
You didn't know any spells.

Dungeon Overview and Level Annotations

Branches:
Dungeon (4/15)
 Temple: D:4-7

Altars:
Elyvilon
Vehumet
Yredelemnul


Innate Abilities, Weirdness & Mutations

You are too large for most types of armour.
You have tough skin. (AC +1)


Message History

You are too injured to fight recklessly!
You are too injured to fight recklessly!
You are too injured to fight recklessly!
You are too injured to fight recklessly!
You are too injured to fight recklessly!
You are too injured to fight recklessly!
You are too injured to fight recklessly!
You are too injured to fight recklessly!
You are too injured to fight recklessly!
You are too injured to fight recklessly!
You are too injured to fight recklessly!
You are too injured to fight recklessly!
You are too injured to fight recklessly!
You are too injured to fight recklessly!
You are too injured to fight recklessly!
You are too injured to fight recklessly!
You are too injured to fight recklessly!
The kobold zaps a wand.
The puff of flame hits you! The fire burns you terribly!
You die...

#.. . #..##.####
#........#
....#...# #
.......##
.#..#._.#..#
......K.Z..#
.....#....#
#.......@..#
#..######..#####
#.........#
#.#######.# #.#
#.#### #....#
#.##.# #.##.##


You could see a kobold and an adder skeleton.

Vanquished Creatures
  A hound (D:4)
  2 adders
  An ooze (D:3)
  5 worms
  2 dart slugs (D:1)
  3 leopard geckos
  4 giant cockroaches
  9 goblins
  11 hobgoblins
  6 jackals
  7 kobolds
  A quokka (D:3)
  5 bats
  4 frilled lizards
  11 rats
  A spectral orc (D:2)
73 creatures vanquished.

Notes
Turn   | Place    | Note
-------+----------+-------------------------------------------
     0 | D:1      | galech the Ogre Fighter began the quest for the Orb.
     0 | D:1      | Reached XP level 1. HP: 24/24 MP: 1/1
    93 | D:1      | Reached XP level 2. HP: 30/32 MP: 2/2
   355 | D:1      | Reached XP level 3. HP: 22/40 MP: 3/3
  1204 | D:2      | Reached XP level 4. HP: 46/49 MP: 4/4
  1658 | D:2      | Found a basalt altar of Yredelemnul.
  1835 | D:3      | Reached skill level 5 in Fighting
  2159 | D:3      | Reached XP level 5. HP: 52/57 MP: 5/5
  2241 | D:4      | Found a white marble altar of Elyvilon.
  2259 | D:4      | Found a radiant altar of Vehumet.
  2273 | D:4      | Killed from afar by a kobold

Skill      XL: |  1  2  3  4 |
---------------+-------------+-----
Maces & Flails | 3 4 |  4.6
Dodging        | 3 |  3.3
Shields        | 3 |  3.3
Fighting       | 5 |  5.1
Stealth        | |  0.2

Action                   |  1- 3 |  4- 6 || total
-------------------------+-------+-------++-------
Melee: Flail             |    94 |   149 ||   243
  Use: Scroll            |       |     5 ||     5
 Stab: Sleeping          |     1 |       ||     1
  Eat: Chunk             |     1 |     4 ||     5
Armor: Robe              |    30 |    26 ||    56
Dodge: Dodged            |    29 |    38 ||    67
Block: Shield            |    47 |    69 ||   116
